 Dungeon Crawl Stone Soup version 0.24.0-123-gd5b16e6ec5 (webtiles) character file.

Game seed: 2747026624418088354, levelgen mode: deterministic

166 FishyPogo the Ducker (level 5, -6/41 HPs)
             Began as a Demonspawn Gladiator on Jan 29, 2020.
             Killed by divine providence
             ... invoked by an orc priest
              (12 damage)
             ... on level 3 of the Dungeon.
             The game lasted 00:04:37 (2258 turns).

FishyPogo the Ducker (Demonspawn Gladiator)         Turns: 2258, Time: 00:04:37

Health: -6/41      AC: 11    Str: 15    XL:     5   Next: 22%
Magic:  0/5        EV:  7    Int: 10    God:
Gold:   115        SH:  0    Dex: 14    Spells: 4/4 levels left

rFire    . . .     SeeInvis .   a - +2 hand axe (flame)
rCold    . . .     Gourm    .   (no shield)
rNeg     . . .     Faith    .   m - +0 chain mail
rPois    +         Spirit   +   (helmet unavailable)
rElec    .         Reflect  .   (no cloak)
rCorr    .         Harm     .   (no gloves)
MR       .....                  (no boots)
Stlth    ..........             (no amulet)
HPRegen  0.13/turn              x - ring of poison resistance
MPRegen  0.09/turn              y - +3 ring of protection

@: no status effects
A: horns 3, magic shield
a: no special abilities


You were on level 3 of the Dungeon.
You were hungry.

You visited 1 branch of the dungeon, and saw 4 of its levels.

You collected 115 gold pieces.

Inventory:

Hand Weapons
 a - a +2 hand axe of flaming (weapon)
Missiles
 d - 3 throwing nets (quivered)
 g - 164 stones
 w - 11 poisoned darts
 B - 5 boomerangs
Armour
 b - a +0 leather armour
 m - a +0 chain mail (worn)
Jewellery
 x - a ring of poison resistance (left hand)
 y - a +3 ring of protection (right hand)
 z - an uncursed ring of flight {unknown}
Wands
 A - a wand of flame (2)
 E - a wand of paralysis (3)
Scrolls
 c - 5 scrolls of identify {unknown}
 e - a scroll of blinking {unknown}
 i - 2 scrolls of magic mapping {unknown}
 p - a scroll of teleportation {unknown}
 s - a scroll of enchant armour {unknown}
 v - a scroll of fear {unknown}
 C - a scroll of amnesia {unknown}
Potions
 h - a potion of invisibility {unknown}
 j - a potion of curing {unknown}
 k - 2 potions of heal wounds {unknown}
 l - 2 potions of lignification {unknown}
 n - a potion of brilliance {unknown}
 o - a potion of magic {unknown}
 q - a potion of agility {unknown}
 r - a potion of cancellation {unknown}
 t - 2 potions of flight {unknown}
 u - a potion of might {unknown}
Comestibles
 f - 7 rations


   Skills:
 + Level 3.0 Fighting
   Level 2.9 Short Blades
 * Level 2.0 Axes
 - Level 2.0 Throwing
 * Level 2.6 Armour
 - Level 3.0 Dodging


You had 4 spell levels left.
You didn't know any spells.
Your spell library was empty.

Dungeon Overview and Level Annotations

Branches:
Dungeon (4/15)
 Temple: D:4-7

Altars:


Innate Abilities, Weirdness & Mutations

You have a pair of large horns on your head.
When hurt, damage is shared between your health and your magic reserves.


Message History

There is a stone staircase leading down here.
You are too injured to fight recklessly!
Your chain mail prevents you from hitting the orc priest.
The orc priest hits you but does no damage.
You hit the orc priest but do no damage.
The orc priest hits you but does no damage.
You hit the orc priest. You burn the orc priest.
The orc priest is lightly wounded.
The orc priest looks encouraged for a moment.
You hit the orc priest but do no damage.
You headbutt the orc priest!
The orc priest is almost dead.
The orc priest calls down the wrath of Beogh upon you.
Pain shoots through your body!
* * * LOW HITPOINT WARNING * * *
You closely miss the orc priest.
The orc priest is almost dead.
The orc priest calls down the wrath of Beogh upon you.
Beogh smites you!
You die...

..##.....##
#.######.#
..###...##
#.######.#
...###'#####
#........#
##.........#
#.########
##.###.###.### #.#
##.##).......# #.#
>.......##.#.# #.#
##.#.....#.#.# #o#
#.##...##.#.# #@#
##...).....#.###.#
...##..##........#
#####.....##.#####
#.######.#
#........#
##########


You could see an orc priest.

Vanquished Creatures
  Ijyb (D:3)
  6 adders
  An adder skeleton (D:4)
  A worm (D:3)
  3 dart slugs (D:1)
  9 orcs (D:3)
  4 bats
  3 giant cockroaches
  5 goblins
  8 hobgoblins
  4 jackals (D:1)
  8 kobolds
  A ball python (D:3)
  A ball python skeleton (D:2)
  4 frilled lizards
  5 rats
64 creatures vanquished.

Notes
Turn   | Place    | Note
-------+----------+-------------------------------------------
     0 | D:1      | FishyPogo the Demonspawn Gladiator began the quest for the
                  | Orb.
     0 | D:1      | Reached XP level 1. HP: 16/16 MP: 1/1
   114 | D:1      | Gained mutation: You have a pair of small horns on your
                  | head. [demonic ancestry]
   114 | D:1      | Reached XP level 2. HP: 13/22 MP: 2/2
   256 | D:1      | Reached skill level 1 in Armour
   567 | D:1      | Gained mutation: You have a pair of horns on your head.
                  | [demonic ancestry]
   567 | D:1      | Reached XP level 3. HP: 24/28 MP: 3/3
  1150 | D:2      | Reached skill level 1 in Axes
  1150 | D:2      | Gained mutation: When hurt, damage is shared between your
                  | health and your magic reserves. [demonic ancestry]
  1150 | D:2      | Reached XP level 4. HP: 28/34 MP: 4/4
  1225 | D:3      | Noticed Ijyb
  1246 | D:3      | Killed Ijyb
  1705 | D:3      | Gained mutation: You have a pair of large horns on your
                  | head. [demonic ancestry]
  1705 | D:3      | Reached XP level 5. HP: 36/40 MP: 5/5
  2258 | D:3      | Killed from afar by an orc priest

Levels and vault maps discovered:
D:1:      nicolae_arrival_washed_ashore, layout_basic
D:2:      layout_loops_cross, glass_columns_c
D:3:      layout_loops_corners, minmay_misc_feat_five, uniq_ijyb
D:4:      layout_cave_pools, minitemple, grunt_temple_overflow_open,
          first_ration, uniq_eustachio

Skill      XL: |  1  2  3  4  5 |
---------------+----------------+-----
Armour         | 1 2 |  2.6
Throwing       | 2 |  2.0
Dodging        | 3 |  3.0
Axes           | 1 2 |  2.0
Fighting       | 3 |  3.0
Short Blades   | |  2.9

Action                   |  1- 3 |  4- 6 || total
-------------------------+-------+-------++-------
Melee: Rapier            |    68 |       ||    68
       Headbutt          |     8 |    14 ||    22
       Hand axe          |    31 |    89 ||   120
 Stab: Sleeping          |     1 |       ||     1
  Eat: Chunk             |     1 |     3 ||     4
Armor: Leather armour    |    27 |     4 ||    31
       Chain mail        |       |    48 ||    48
Dodge: Dodged            |    76 |    41 ||   117
